 Dungeon Crawl Stone Soup version 0.20.2-3-g29329e0561 (webtiles) character file.

1817 Alfie the Cutter (level 9, 0/75 HPs)
             Began as a Hill Orc Fighter on Sept 25, 2023.
             Slain by a slave (2 damage)
             ... led by Pikel
             ... on level 6 of the Dungeon.
             The game lasted 00:14:12 (4399 turns).

Alfie the Cutter (Hill Orc Fighter)                 Turns: 4399, Time: 00:14:13

Health: 0/75       AC: 14    Str: 22    XL:     9   Next: 10%
Magic:  9/9        EV:  9    Int:  8    God:
Gold:   351        SH:  0    Dex: 10    Spells: 7/8 levels left

rFire    . . .     SeeInvis .   a - +1 rapier
rCold    + . .     Gourm    .   c - +0 shield
rNeg     . . .     Faith    .   b - +1 scale mail
rPois    .         Spirit   .   (no helmet)
rElec    .         Reflect  .   (no cloak)
rCorr    .         Harm     .   (no gloves)
MR       .....                  B - +0 pair of boots
Stlth    ..........             (no amulet)
Regen    0.3/turn               j - ring of protection from cold
MPRegen  0.2/turn               o - +5 ring of protection

@: confused, drained
A: no striking features
a: no special abilities


You were on level 6 of the Dungeon.
You were not hungry.

You visited 1 branch of the dungeon, and saw 6 of its levels.

You collected 351 gold pieces.

Inventory:

Hand Weapons
 a - a +1 rapier (weapon)
Armour
 b - a +1 scale mail (worn)
 c - a +0 shield (worn)
 B - a +0 pair of boots (worn)
Jewellery
 g - an uncursed amulet of magic regeneration
 j - a ring of protection from cold (left hand)
 o - a +5 ring of protection (right hand)
 r - an uncursed amulet of rage {unknown}
 y - a +4 ring of evasion
 D - an uncursed ring of fire {unknown}
Wands
 F - a wand of iceblast (7/15)
Scrolls
 e - a scroll of amnesia
 k - 3 scrolls of magic mapping
 p - 4 scrolls of remove curse
 q - a scroll of blinking
 t - 4 scrolls of teleportation
Potions
 d - a potion of cancellation
 i - a potion of ambrosia
 l - a potion of agility {unknown}
 m - a potion of resistance {unknown}
 n - 2 potions of curing
 s - a potion of flight {unknown}
 u - a potion of lignification {unknown}
 x - 2 potions of mutation {unknown}
 z - 2 potions of haste {unknown}
 E - a potion of might
Comestibles
 f - 3 bread rations
 h - a fruit
 w - a meat ration
 G - a royal jelly


   Skills:
 + Level 6.2(6.0) Fighting
 + Level 7.9(7.6) Short Blades
 + Level 6.2(5.9) Armour
 + Level 2.4(2.2) Dodging
 + Level 0.5(0.3) Stealth
 + Level 5.9(5.7) Shields


You had 7 spell levels left.
You knew the following spells:

 Your Spells              Type           Power        Failure   Level  Hunger
a - Animate Skeleton      Necr           N/A          98%         1    ##.....


Dungeon Overview and Level Annotations

Branches:
Dungeon (6/15)             Temple (0/1) D:4

Altars:
Fedhas
Trog
Vehumet
Xom

Shops:
D:4 =

Annotations:
D:6 Pikel


Message History

You feel better. The slave hits you but does no damage.
Pikel zaps a wand.
Your will is overpowered!
You are confused.
The slave hits you.
* * * LOW HITPOINT WARNING * * *
The slave hits you.
* * * LOW HITPOINT WARNING * * *
The slave hits you but does no damage.
You're too confused to move!
The slave barely misses you.
Pikel zaps a wand.
You easily resist.
The slave closely misses you. The slave hits you but does no damage.
The slave barely misses you.
You bump into the rock wall.
The slave hits you but does no damage. Pikel barely misses you.
The slave misses you. The slave hits you.
* * * LOW HITPOINT WARNING * * *
The slave hits you.
* * * LOW HITPOINT WARNING * * *
You hit the slave.
The slave is lightly wounded.
The slave closely misses you.
Pikel zaps a wand.
You easily resist.
The slave hits you.
You die...

#.....#.......##.##.....####..
#................##...........
#.....#.......#####.#....###..
#.............................
#.....#.###############..###..
#.....#.# #...##.. #.....#.#
#...###. ###.###.# ########
#.?..... #.# #.# #.p@p..#
##...###. ######.###<#
#.pKp..#####....###.
...........#
#...............#...
######.#####
#.......####....#... #.#
#.......####....#... #.#
#######.##......#... #.#
#.##.#....#... #.#
#.##.####.#... #.# #p##.#
#.....


You could see Pikel and 4 slaves.

Vanquished Creatures
  Sigmund (D:3)
  Eustachio (D:5)
  The ghost of Alfie the Covered, an amateur HOFi (D:3)
  A phantom (D:5)
  A bullfrog (D:6)
  A water moccasin zombie (D:6)
  A scorpion (D:4)
  2 howler monkeys
  5 wights (D:6)
  A crimson imp (D:6)
  A jelly (D:4)
  A gnoll shaman (D:5)
  An orc priest (D:6)
  2 hounds (D:6)
  6 iguanas
  3 orc wizards (D:3)
  4 worker ants
  A hound skeleton (D:4)
  14 gnolls
  9 adders
  A shadow imp (D:5)
  An ooze (D:2)
  An adder zombie (D:6)
  7 worms
  2 dart slugs
  4 leopard geckos
  7 orcs
  5 giant cockroaches
  3 goblins
  5 hobgoblins
  2 jackals (D:5)
  3 kobolds
  3 quokkas
  5 bats
  7 frilled lizards
  13 rats
126 creatures vanquished.

Notes
Turn   | Place    | Note
-------+----------+-------------------------------------------
     0 | D:1      | Alfie the Hill Orc Fighter began the quest for the Orb.
     0 | D:1      | Reached XP level 1. HP: 19/19 MP: 1/1
   438 | D:1      | Reached XP level 2. HP: 27/27 MP: 2/2
   593 | D:2      | Found a radiant altar of Vehumet.
   609 | D:2      | Reached XP level 3. HP: 31/33 MP: 3/3
  1090 | D:2      | Reached XP level 4. HP: 40/40 MP: 4/4
  1426 | D:3      | Found a blossoming altar of Fedhas.
  1435 | D:3      | Reached skill level 3 in Short Blades
  1567 | D:3      | Noticed Alfie's ghost (amateur HOFi)
  1569 | D:3      | Reached XP level 5. HP: 46/46 MP: 5/5
  1578 | D:3      | Killed Alfie's ghost
  1578 | D:3      | Reached skill level 4 in Short Blades
  1578 | D:3      | Reached XP level 6. HP: 41/53 MP: 6/6
  1783 | D:3      | Noticed Sigmund
  1798 | D:3      | Killed Sigmund
  1798 | D:3      | Reached skill level 5 in Short Blades
  1798 | D:3      | Reached skill level 1 in Dodging
  1798 | D:3      | Reached XP level 7. HP: 23/60 MP: 7/7
  2042 | D:3      | Reached skill level 5 in Fighting
  2173 | D:3      | Reached skill level 5 in Armour
  2249 | D:4      | Found a shimmering altar of Xom.
  2310 | D:4      | Found Weseitam's Jewellery Shoppe.
  2326 | D:4      | Reached skill level 6 in Short Blades
  2518 | D:4      | Found a staircase to the Ecumenical Temple.
  2663 | D:4      | Noticed a moth of wrath
  2667 | D:4      | Found a bloodstained altar of Trog.
  2888 | D:5      | Entered Level 5 of the Dungeon
  2999 | D:5      | Reached XP level 8. HP: 62/69 MP: 8/8
  3051 | D:5      | Learned a level 1 spell: Animate Skeleton
  3066 | D:5      | Noticed Eustachio
  3282 | D:5      | Reached skill level 5 in Shields
  3556 | D:5      | Killed Eustachio
  3956 | D:6      | Reached skill level 7 in Short Blades
  4134 | D:6      | Reached XP level 9. HP: 23/75 MP: 9/9
  4351 | D:6      | Noticed Pikel
  4398 | D:6      | HP: 3/75 [slave[Pikel] (5)]
  4398 | D:6      | HP: 1/75 [slave[Pikel] (2)]
  4399 | D:6      | Slain by a slave

Skill      XL: |  1  2  3  4  5  6  7  8  9 |
---------------+----------------------------+-----
Armour         | 4 5 6 |  6.2
Fighting       | 4 5 6 |  6.2
Short Blades   | 3 4 5 6 7 |  7.9
Shields        | 4 5 |  5.9
Dodging        | 1 2 |  2.4
Stealth        | |  0.5

Action                   |  1- 3 |  4- 6 |  7- 9 || total
-------------------------+-------+-------+-------++-------
Melee: Rapier            |    92 |    96 |   541 ||   729
  Use: Scroll            |     1 |     4 |    10 ||    15
       Potion            |       |     1 |     7 ||     8
  Eat: Bread ration      |     1 |       |     1 ||     2
       Meat ration       |       |       |     1 ||     1
Armor: Scale mail        |    25 |    31 |   289 ||   345
Dodge: Dodged            |    22 |    27 |   206 ||   255
Block: Shield            |    37 |    34 |   286 ||   357
